 Dungeon Crawl Stone Soup version 0.29.0-15-g675c0067aa (webtiles) character file.

Game seed: 10815923700720970370

429 Acheron the Conjurer (level 6, -5/55 HPs)
             Began as a Troll Conjurer on Sept 11, 2022.
             Slain by an ogre
             ... wielding a +0 giant spiked club
              (19 damage)
             ... on level 5 of the Dungeon.
             The game lasted 00:11:36 (3481 turns).

Acheron the Conjurer (Troll Conjurer)               Turns: 3481, Time: 00:11:37

Health: -5/55      AC:  4    Str: 16    XL:     6   Next: 66%
Magic:  7/7        EV: 10    Int: 14    God:
Gold:   215        SH:  0    Dex: 10    Spells: 5/8 levels left

rFire   + . .      SeeInvis .     - Unarmed
rCold   . . .      Faith    .   (no shield)
rNeg    . . .      Spirit   .   a - +0 robe
rPois   .          Reflect  .   (helmet restricted)
rElec   .          Harm     .   (no cloak)
rCorr   .          Rampage  .   (gloves unavailable)
Will    .....                   (boots unavailable)
Stlth   +.........              (no amulet)
HPRegen 0.98/turn               m - ring of protection from fire
MPRegen 0.10/turn               (no ring)

@: no status effects
A: large, unfitting armour, claws 3, regeneration 1, shaggy fur 1, tough skin 1
a: no special abilities


You were on level 5 of the Dungeon.
You visited 1 branch of the dungeon, and saw 5 of its levels.

You collected 215 gold pieces.

Inventory:

Hand Weapons
 l - a +1 dagger of holy wrath
 r - a +2 vorpal hand axe
 y - a +0 flail of venom
 B - a +2 flail of draining
Missiles
 i - 9 poisoned darts (quivered)
 n - 3 javelins
Armour
 a - a +0 robe (worn)
 v - an orb of wrath
Magical Staves
 d - a staff of air
 q - a staff of death
 w - a staff of poison
Jewellery
 m - a ring of protection from fire (left claw)
 A - an amulet of faith
Scrolls
 c - 3 scrolls of summoning {unknown}
 e - a scroll of enchant weapon {unknown}
 j - 2 scrolls of fear {unknown}
 p - a scroll of noise {unknown}
 u - a scroll of magic mapping {unknown}
 C - a scroll of teleportation {unknown}
 E - a scroll of blinking {unknown}
Potions
 b - 2 potions of magic
 f - 5 potions of curing
 g - 3 potions of brilliance
 h - a potion of degeneration {unknown}
 k - 2 potions of lignification
 o - 2 potions of haste
 s - a potion of attraction {unknown}
 t - 2 potions of heal wounds
 x - 2 potions of might {unknown}
 z - 2 potions of flight
 D - a potion of resistance {unknown}


   Skills:
 * Level 1.5 Fighting
 * Level 3.0 Dodging
 + Level 1.2 Stealth
 * Level 3.8 Unarmed Combat
 * Level 1.8 Spellcasting
 * Level 3.8 Conjurations


You had 5 spell levels left.
You knew the following spells:

 Your Spells              Type           Power      Damage    Failure   Level
a - Magic Dart            Conj           48%        1d5       4%          1
b - Searing Ray           Conj           24%        2d5       8%          2

Your spell library contained the following spells:

 Spells                   Type           Power      Damage    Failure   Level
 Dazzling Flash           Conj/Hex       12%        N/A       32%         3
 Inner Flame              Hex/Fire       1%         N/A       58%         3
 Fulminant Prism          Conj/Hex       3%         3d6       73%         4
 Iskenderun's Mystic Bla  Conj/Tloc      6%         2d4       73%         4
 Cause Fear               Hex            0%         N/A       94%         4
 Dispersal                Tloc           0%         N/A       100%        6
 Discord                  Hex            0%         N/A       100%        8
 Disjunction              Tloc           0%         N/A       100%        8


Dungeon Overview and Level Annotations

Branches:
Dungeon (5/15)
 Temple: D:4-7

Altars:
Fedhas
Trog
Uskayaw

Shops:
D:3 =

Annotations:
D:2 Robin
D:3 1 runed translucent door, Crazy Yiuf


Innate Abilities, Weirdness & Mutations

You are too large for most types of armour.
You have claws for hands.
Your natural rate of healing is unusually fast.
You are covered in fur. (AC +1)
You have tough skin. (AC +1)


Message History

You claw the adder!
You kill the adder!
The gnoll hits you with a +0 flail.
Things that are here:
a +0 whip; an adder corpse; a gnoll corpse You scratch the gnoll.
The gnoll is moderately wounded.
The gnoll closely misses you.
You barely miss the gnoll.
The gnoll is moderately wounded.
The gnoll hits you with a +0 flail!
You claw the gnoll!
You kill the gnoll!
You scratch the ogre.
The ogre is lightly wounded.
The hound stops to sniff the ground.
The ogre closely misses you.
You claw the ogre!
The ogre is heavily wounded.
The ogre hits you with a +0 giant spiked club!!
You barely miss the ogre.
The ogre is heavily wounded.
You scratch the ogre.
The ogre is severely wounded.
The ogre misses you.
You barely miss the ogre.
The ogre is severely wounded.
You closely miss the ogre.
The ogre is severely wounded.
The ogre hits you with a +0 giant spiked club!!
* * * LOW HITPOINT WARNING * * *
You barely miss the ogre.
The ogre is heavily wounded.
The ogre closely misses you.
You scratch the ogre but do no damage.
The ogre is heavily wounded.
You barely miss the ogre.
The ogre is heavily wounded.
The ogre hits you with a +0 giant spiked club!!
You die...

##. #..# ###...### #.|#
####.......## #..#
#............ ...#
#.##.......#. #g#
#.####...###. # #.#
##.## #...# #.
###.###.# ##...####.##
#.
>......g####.#.#.###.#
#. #....hO@.......)...#
#.
......######.#.#.##.###
#. ###.# ##...#.....#
#. # ##.##.....###.
#.#...........
##..........##
##.#.....#.#
#.###.###.# ≈≈≈≈≈≈≈##.#


You could see an ogre, a hound and a gnoll.

Vanquished Creatures
  An ogre (D:5)
  A bullfrog (D:5)
  An orc priest (D:4)
  A hound (D:5)
  2 iguanas (D:4)
  An orc wizard (D:4)
  3 gnolls (D:5)
  4 adders
  A worm (D:3)
  8 orcs
  5 endoplasms
  2 giant cockroaches (D:2)
  10 goblins
  9 hobgoblins
  3 jackals (D:4)
  2 quokkas
  12 ball pythons
  2 bats (D:1)
  2 frilled lizards
  3 kobolds
  5 rats
78 creatures vanquished.

Vanquished Creatures (others)
  A fungus (D:3)
  2 plants (D:1)
3 creatures vanquished.

Grand Total: 81 creatures vanquished

Notes
Turn   | Place    | Note
-------+----------+-------------------------------------------
     0 | D:1      | Acheron the Troll Conjurer began the quest for the Orb.
     0 | D:1      | Reached XP level 1. HP: 16/16 MP: 1/1
    52 | D:1      | Found a faded altar of an unknown god.
   273 | D:1      | Reached XP level 2. HP: 21/24 MP: 2/2
   278 | D:1      | Learned a level 2 spell: Searing Ray
  1045 | D:2      | Reached XP level 3. HP: 31/31 MP: 3/3
  1158 | D:2      | Found a bloodstained altar of Trog.
  1231 | D:3      | Found Get Doxech's Jewellery Boutique.
  1258 | D:3      | Found a runed translucent door.
  1259 | D:3      | Noticed Crazy Yiuf
  1398 | D:3      | Reached skill level 1 in Unarmed Combat
  1909 | D:2      | Noticed Robin
  2227 | D:4      | Reached XP level 4. HP: 35/40 MP: 5/5
  2387 | D:4      | Found a blossoming altar of Fedhas.
  2568 | D:4      | Reached skill level 1 in Fighting
  2605 | D:4      | Reached XP level 5. HP: 23/48 MP: 6/6
  2760 | D:5      | Entered Level 5 of the Dungeon
  2918 | D:4      | Found a hide-covered altar of Uskayaw.
  3208 | D:5      | Noticed an ogre
  3221 | D:5      | Killed an ogre
  3222 | D:5      | Reached XP level 6. HP: 18/55 MP: 7/7
  3481 | D:5      | Slain by an ogre

Illustrated notes

Levels and vault maps discovered:
D:1:      wander_arrival_peaceful_grave, layout_basic,
          hellmonk_ecumenical_altar_heavens_door, minmay_shallow_snake_nest
D:2:      layout_loops_ring, basic_altar, lemuel_flame_loot_1, uniq_robin
D:3:      kennysheep_six_static_rooms, layout_basic, serial_shops,
          nicolae_shop_competitors_out_of_business, uniq_crazy_yiuf_cottage
D:4:      layout_basic, mainiacjoe_overflow_surrounded_room,
          fedhas_ov_isle_minmay, minmay_misc_feat_rows, grunt_tough_drop
D:5:      minmay_diamond_boxcup, layout_loops_ring,
          mainiacjoe_overflow_24_doors, trog_wizard,
          chequers_temple_overflow_statue_of_worship, water_maze_lemuel,
          uniq_duvessa

Skill      XL: |  1  2  3  4  5  6 |
---------------+-------------------+-----
Conjurations   | 3 |  3.8
Unarmed Combat | 1 2 3 |  3.8
Dodging        | 2 3 |  3.0
Fighting       | 1 |  1.5
Stealth        | |  1.2
Spellcasting   | |  1.8

Action                   |  1- 3 |  4- 6 || total
-------------------------+-------+-------++-------
Melee: Unarmed           |   121 |   142 ||   263
       Punch             |       |     1 ||     1
Throw: Dart              |       |     4 ||     4
 Cast: Magic Dart        |    22 |     2 ||    24
  Use: Scroll            |     4 |     2 ||     6
 Stab: Sleeping          |     2 |       ||     2
Armor: Robe              |    54 |    28 ||    82
Dodge: Dodged            |    51 |    65 ||   116
